Map: 시뮬레이크럼 - 래더

Players

Creator

  • Race: Protoss Protoss
  • Spawn Location: 11:00

sOs - Winner!

  • Race: Protoss Protoss
  • Spawn Location: 5:00

Event: IEM Katowice 2020

VOD

Have the link to the VOD?

Description

Time

  • Played on: Feb. 24, 2020, 5:03 a.m.
  • Length: 9:30

All games in this series

Show
View Real Time Build Order
Export as new Build Order

Creator Protoss 

Build Orders: Oracle Opening 

Get SALT Encoding   

  12  0:00  Probe  
  13  0:12  Probe  
  14  0:17  Pylon  
  14  0:25  Probe (Chrono Boost)  
  15  0:37  Probe (Chrono Boost), Gateway  
  16  0:44  Probe (Chrono Boost)  
  16  0:46  Assimilator  
  17  0:51  Probe  
  17  0:54  Assimilator  
  18  1:03  Probe (Chrono Boost)  
  19  1:07  Gateway  
  19  1:13  Probe (Chrono Boost)  
  19  1:18  Probe (Chrono Boost)  
  20  1:24  Cybernetics Core  
  21  1:29  Probe  
  22  1:35  Pylon  
  22  1:41  Probe  
  23  1:53  Probe  
  24  2:00  Warp Gate, Adept x2  
  28  2:10  Pylon  
  28  2:22  Pylon  
  28  2:30  Stalker x2  
  32  2:54  Stargate  
  32  3:00  Probe, Shield Battery  
  31  3:16  Probe  
  31  3:18  Nexus  
  32  3:22  Shield Battery  
  32  3:28  Probe  
  33  3:34  Pylon  
  33  3:35  Oracle (Chrono Boost)  
  33  3:41  Probe  
  37  3:52  Sentry  
  37  3:53  Probe  
  40  4:03  Stalker  
  40  4:04  Oracle (Chrono Boost)  
  45  4:15  Gateway  
  43  4:20  Stalker  
  43  4:32  Twilight Council  
  43  4:35  Stalker  
  45  4:38  Probe x2  
  45  4:45  Stalker  
  49  5:04  Blink (Chrono Boost)  
  49  5:05  Probe x2  
  48  5:16  Gateway  
  48  5:17  Probe  
  48  5:18  Probe  
  48  5:20  Stalker  
  52  5:25  Stalker  
  52  5:28  Pylon  
  54  5:30  Probe x2  
  56  5:38  Gateway  
  56  5:42  Probe  
  57  5:48  Stalker x2  
  61  5:55  Probe  
  62  5:57  Pylon  
  62  6:00  Pylon  
  62  6:08  Gateway  
  62  6:13  Pylon  
  62  6:14  Pylon  
  62  6:15  Probe (Chrono Boost), Assimilator  
  62  6:17  Assimilator  
  63  6:20  Stalker  
  61  6:27  Probe (Chrono Boost)  
  61  6:30  Probe (Chrono Boost)  
  62  6:34  Shield Battery  
  62  6:35  Probe (Chrono Boost)  
  62  6:38  Forge  
  62  6:39  Stalker x2  
  67  6:43  Stalker  
  67  6:45  Probe x2  
  71  6:50  Gateway  
  71  6:54  Gateway  
  71  6:55  Gateway  
  71  7:02  Stalker  
  71  7:06  Stalker  
  75  7:13  Pylon  
  73  7:18  Stalker  
  75  7:26  Stalker  
  77  7:30  Stalker  
  77  7:32  Gateway  
  79  7:44  Adept x2  
  79  7:47  Pylon  
  79  7:50  Shield Battery  
  79  7:51  Stalker x2  
  84  8:04  Stalker x3  
  90  8:09  Stalker  
  92  8:19  Robotics Facility  
  86  8:34  Probe  
  86  8:35  Probe  
  84  8:47  Forge, Stalker x4  
  77  9:06  Observer (Chrono Boost)  
  78  9:20  Nexus  
Show
View Real Time Build Order
Export as new Build Order

sOs Protoss - Winner!

Build Orders: Blink Stalkers 

Get SALT Encoding   

  12  0:00  Probe  
  13  0:12  Probe  
  14  0:17  Pylon  
  14  0:25  Probe (Chrono Boost)  
  15  0:37  Probe (Chrono Boost), Gateway  
  16  0:43  Probe (Chrono Boost)  
  16  0:46  Assimilator  
  17  0:51  Probe  
  17  0:55  Assimilator  
  18  1:03  Probe (Chrono Boost)  
  19  1:08  Gateway  
  19  1:12  Probe (Chrono Boost)  
  19  1:17  Probe (Chrono Boost)  
  20  1:24  Cybernetics Core  
  21  1:29  Probe  
  22  1:34  Pylon  
  22  1:41  Probe  
  23  1:53  Probe  
  24  2:01  Adept x2  
  24  2:02  Warp Gate (Chrono Boost)  
  24  2:06  Probe  
  29  2:11  Pylon  
  29  2:23  Pylon  
  29  2:31  Adept x2  
  32  2:54  Nexus  
  32  3:04  Adept  
  34  3:07  Adept  
  34  3:17  Probe  
  35  3:24  Pylon  
  35  3:28  Twilight Council  
  35  3:30  Probe  
  36  3:42  Probe  
  36  3:45  Adept x2  
  41  3:54  Probe  
  42  3:57  Blink (Chrono Boost)  
  42  4:05  Sentry  
  42  4:06  Stalker  
  47  4:10  Probe  
  47  4:13  Probe  
  46  4:33  Gateway  
  46  4:35  Stalker x2  
  50  4:40  Shield Battery  
  50  4:43  Probe  
  51  4:47  Probe  
  52  4:58  Stalker x2  
  56  5:01  Probe  
  52  5:11  Phoenix  
  51  5:14  Probe x2 (Chrono Boost)  
  53  5:26  Probe x2 (Chrono Boost), Stalker  
  57  5:28  Stalker  
  57  5:32  Probe (Chrono Boost)  
  60  5:42  Probe x2  
  62  5:43  Robotics Facility  
  62  5:49  Pylon  
  62  6:06  Pylon  
  62  6:07  Probe x2  
  64  6:13  Stalker  
  64  6:16  Phoenix  
  64  6:17  Shield Battery  
  66  6:19  Probe x2, Pylon  
  68  6:31  Probe (Chrono Boost)  
  70  6:35  Probe (Chrono Boost)  
  70  6:36  Observer  
  70  6:38  Charge  
  71  6:41  Forge  
  71  6:43  Probe (Chrono Boost)  
  71  6:45  Assimilator  
  71  6:47  Probe (Chrono Boost)  
  73  6:48  Probe (Chrono Boost)  
  73  6:49  Assimilator  
  74  6:56  Probe, Immortal (Chrono Boost)  
  74  6:58  Probe  
  80  7:08  Probe  
  81  7:09  Stalker x2  
  81  7:14  Protoss Ground Weapons Level 1 (Chrono Boost)  
  85  7:25  Pylon, Dark Shrine  
  85  7:34  Gateway  
  85  7:37  Pylon  
  85  7:39  Pylon  
  85  7:40  Immortal (Chrono Boost)  
  89  7:47  Zealot x2  
  93  7:53  Shield Battery  
  93  8:02  Shield Battery  
  93  8:03  Pylon  
  93  8:07  Stalker x3  
  91  8:30  Stalker x2  
  91  8:31  Stalker  
  93  8:39  Probe  
  90  8:42  Dark Templar  
  90  8:43  Immortal (Chrono Boost)  
  96  8:54  Stalker x2  
  96  8:55  Stalker  
  90  9:14  Dark Templar  
  92  9:18  Nexus  
  92  9:22  Gateway  

Tags
 
Add a new tag
Caveats
  • Supply blocks, unpowered buildings, or Contaminate may cause inaccurate times.
  • Supply counts are checked every 10 seconds.